 Dungeon Crawl Stone Soup version 0.14.1-19-g9964f44 (webtiles) character file.

3524 Kae the Conjurer (level 9, -10/57 HPs)
             Began as a Demonspawn Ice Elementalist on June 6, 2014.
             Was a Follower of Vehumet.
             Shot with a sling bullet by Joseph (21 damage)
             ... on Level 7 of the Dungeon.
             The game lasted 00:18:28 (8297 turns).

Kae the Conjurer (Demonspawn Ice Elementalist)      Turns: 8297, Time: 00:18:29

HP -10/57        AC  5     Str  8      XL: 9   Next: 58%
MP  17/31        EV 12     Int 20      God: Vehumet [*.....]
Gold 447         SH  0     Dex 14      Spells:  3 memorised, 12 levels left

rFire  . . .     SeeInvis .     y - +0,+2 whip (flame)
rCold  . . .     Clarity  .     a - +0 robe
rNeg   + . .     Conserve .     (no shield)
rPois  +         rCorr    .     (no helmet)
rElec  .         rRot     .     p - +0 cloak {rPois}
SustAb . .       Spirit   .     o - +0 pair of gloves
rMut   .         Warding  .     (no boots)
Saprov . . .     Stasis   .     (no amulet)
MR     .....                    u - ring of magical power
                                j - ring of positive energy {unknown}

@: about to teleport, not resistant to hostile enchantments, fairly stealthy
A: talons 2, icy blue scales 1, demonic guardian 1, powered by death 1
a: Renounce Religion


You were on level 7 of the Dungeon.
You worshipped Vehumet.
Vehumet was aware of your devotion.
You were starving.

You visited 2 branches of the dungeon, and saw 8 of its levels.

You collected 447 gold pieces.

Inventory:

Hand weapons
 y - a +0,+2 whip of flaming (weapon)
Armour
 a - a +0 robe (worn)
 o - a +0 pair of gloves (worn)
 p - a +0 cloak of poison resistance (worn)
Magical devices
 h - a wand of cold (6)
 n - a wand of fire (3)
 B - a wand of random effects (10) {unknown}
 G - a wand of draining (5)
 H - a wand of cold (11)
 O - a wand of draining (0)
Comestibles
 c - 4 bread rations
 v - a slice of pizza
 x - 3 meat rations
 z - an apple
 I - a pear
Scrolls
 e - 3 scrolls of remove curse
 f - a scroll of noise
 g - a scroll of immolation
 i - 2 scrolls of recharging
 s - 4 scrolls of identify
 E - 2 scrolls of enchant weapon II
 F - a scroll of random uselessness {unknown}
 J - a scroll of acquirement {unknown}
 L - a scroll of summoning {unknown}
Jewellery
 d - a +1 ring of dexterity
 j - a ring of positive energy (left hand) {unknown}
 u - a ring of magical power (right hand)
 D - an uncursed amulet of clarity {unknown}
Potions
 k - 2 potions of curing
 l - a potion of restore abilities
 t - 3 potions of brilliance
 A - a potion of degeneration {unknown}
 C - a potion of resistance {unknown}
 K - a potion of mutation {unknown}
 P - a potion of agility {unknown}
Books
 b - a book of Frost

   Spells                             Type                      Level
   *Freeze                            Ice                          1
   *Throw Frost                       Conjuration/Ice              2
   Ozocubu's Armour                   Charms/Ice                   3
   *Throw Icicle                      Conjuration/Ice              4
   Summon Ice Beast                   Ice/Summoning                4
   Condensation Shield                Ice                          4
 q - a book of Beasts

   Spells                             Type                      Level
   Summon Butterflies                 Summoning                    1
   Call Canine Familiar               Summoning                    3
   Summon Ice Beast                   Ice/Summoning                4
   Summon Mana Viper                  Hexes/Summoning              5
   Monstrous Menagerie                Summoning                    6
   Summon Hydra                       Summoning                    7
 r - a book of Hinderance

   Spells                             Type                      Level
   Confusing Touch                    Hexes                        1
   Confuse                            Hexes                        3
   Petrify                            Transmutation/Earth          4
   Leda's Liquefaction                Hexes/Earth                  4
   Metabolic Englaciation             Hexes/Ice                    5
   Summon Mana Viper                  Hexes/Summoning              5


   Skills:
 - Level 1.7 Dodging
 - Level 1.7 Stealth
 + Level 5.7 Spellcasting
 * Level 8.6 Conjurations
 * Level 8.3 Ice Magic


You had 12 spell levels left.
You knew the following spells:

 Your Spells              Type           Power        Failure   Level  Hunger
a - Freeze                Ice            ####         1%          1    None
b - Throw Frost           Conj/Ice       #####.       1%          2    None
c - Throw Icicle          Conj/Ice       #####...     4%          4    ####...


Dungeon Overview and Level Annotations

Branches:
Dungeon (7/15)             Temple (1/1) D:6

Altars:
Ashenzari
Cheibriados
Dithmenos
Elyvilon
Fedhas
Kikubaaqudgha
Makhleb
Nemelex Xobeh
Okawaru
Sif Muna
Trog
Vehumet
Xom
Yredelemnul
Zin
The Shining One

Shops:
D:4 =   D:6 (

Annotations:
D:7 Joseph


Innate Abilities, Weirdness & Mutations

You have razor-sharp toenails.
You are partially covered in icy blue scales (AC +1).
A weak demonic guardian rushes to your aid.
You can steal the life force of nearby defeated enemies.


Message History

You feel strangely unstable.
Your ufetubus closely misses Joseph.
Your ufetubus barely misses Joseph.
The gnoll misses you.
Your ufetubus hits Joseph but does no damage. x2
Joseph tries to grin evilly.
Joseph hits you with a runed quarterstaff!
Your ufetubus hits Joseph but does no damage.
Your ufetubus completely misses Joseph.
Your ufetubus hits Joseph but does no damage.
Your ufetubus barely misses Joseph.
Joseph unwields an uncursed runed quarterstaff.
Joseph wields an uncursed sling.
Joseph shoots a sling bullet.
The sling bullet hits you!
* * * LOW HITPOINT WARNING * * *
The gnoll hits your iron imp with a halberd.
Your iron imp hits the gnoll!
Your ufetubus barely misses Joseph.
Your ufetubus barely misses Joseph.
You see here a sling bullet.
Unknown command.
Joseph shoots a sling bullet.
The sling bullet hits you!
You die...

######## ### #......# #..
#.....@##############..
......#####....(.................
.......)..............#########..
......#.###.5<.....)...<.........
......#.# #..@.5.##...###########
......#.# ##.##g###...#
......#.## #.##.# #...# #######
.........# #.##.###.### #......
.........# #.....##.# #....#.


You could see Joseph, a gnoll, a friendly iron imp and a friendly ufetubus.

Vanquished Creatures
  A hill giant (D:6)
  Pikel (D:5)
  Prince Ribbit (D:4)
  2 steam dragons (D:7)
  An ice beast (D:6)
  3 slaves
  A centaur (D:4)
  2 ogres
  Sigmund (D:5)
  Duvessa (D:5)
  A scorpion (D:7)
  A water moccasin skeleton (D:5)
  Dowan (D:5)
  6 crimson imps
  A jelly (D:6)
  3 hounds
  3 orc priests
  4 orc wizards
  Crazy Yiuf (D:2)
  2 iguanas (D:5)
  6 worker ants
  Ijyb (D:7)
  7 adders
  9 gnolls
  An orc skeleton (D:5)
  4 giant mites
  A shadow imp (D:7)
  A white imp (D:4)
  5 worms
  An orc zombie (D:7)
  An adder skeleton (D:5)
  A giant eyeball (D:7)
  5 giant geckos
  21 orcs
  2 ball pythons
  14 bats
  A bat skeleton (D:4)
  2 giant cockroaches (D:3)
  9 goblins
  14 hobgoblins
  3 quokkas
  4 giant newts
  3 hobgoblin skeletons
  10 jackals
  3 kobolds
  A kobold skeleton (D:5)
  A quokka zombie (D:5)
  12 rats
  3 ballistomycetes (D:7)
183 creatures vanquished.

Vanquished Creatures (collateral kills)
  A hippogriff (D:5)
  A slave (D:5)
  A gnoll shaman (D:7)
  An orc priest (D:5)
  A gnoll (D:7)
  An orc (D:5)
  A hobgoblin (D:5)
7 creatures vanquished.

Vanquished Creatures (others)
  3 crimson imps (D:5)
  6 iron imps
  4 quasits
  7 white imps
  4 ufetubi
  A jackal (D:7)
  A giant spore (D:7)
  A ballistomycete (D:7)
27 creatures vanquished.

Grand Total: 217 creatures vanquished

Notes
Turn   | Place    | Note
--------------------------------------------------------------
     0 | D:1      | Kae, the Demonspawn Ice Elementalist, began the quest for the Orb.
     0 | D:1      | Reached XP level 1. HP: 13/13 MP: 3/3
   174 | D:1      | Reached skill level 3 in Ice Magic
   336 | D:1      | Gained mutation: You can steal the life force of nearby defeated enemies. [demonic ancestry]
   336 | D:1      | Reached XP level 2. HP: 19/19 MP: 0/4
   382 | D:1      | Learned a level 2 spell: Throw Frost
  1288 | D:2      | Gained mutation: A weak demonic guardian rushes to your aid. [demonic ancestry]
  1288 | D:2      | Reached XP level 3. HP: 21/24 MP: 2/6
  1664 | D:2      | Reached XP level 4. HP: 30/30 MP: 0/8
  2031 | D:2      | Noticed Crazy Yiuf
  2044 | D:2      | Killed Crazy Yiuf
  2804 | D:4      | Gained mutation: You have sharp toenails. [demonic ancestry]
  2804 | D:4      | Reached XP level 5. HP: 35/35 MP: 10/10
  2810 | D:4      | Found Wiac's Jewellery Shoppe.
  2915 | D:4      | Noticed a centaur
  2930 | D:4      | Noticed Prince Ribbit
  2933 | D:4      | Killed a centaur
  2933 | D:4      | Reached skill level 4 in Ice Magic
  2948 | D:4      | Killed Prince Ribbit
  2948 | D:4      | Gained mutation: You have razor-sharp toenails. [demonic ancestry]
  2948 | D:4      | Reached XP level 6. HP: 41/41 MP: 13/13
  3301 | D:4      | Reached skill level 5 in Ice Magic
  3370 | D:4      | Reached XP level 7. HP: 46/46 MP: 8/15
  3557 | D:4      | Noticed a phantom
  4191 | D:4      | Reached skill level 5 in Conjurations
  4247 | D:5      | Entered Level 5 of the Dungeon
  4253 | D:5      | Learned a level 4 spell: Throw Icicle
  4717 | D:5      | Noticed Dowan
  4718 | D:5      | Noticed Duvessa
  4875 | D:5      | Noticed Sigmund
  4928 | D:5      | Killed Sigmund
  4969 | D:5      | Killed Duvessa
  4969 | D:5      | Reached skill level 6 in Ice Magic
  4969 | D:5      | Reached XP level 8. HP: 47/52 MP: 9/18
  5141 | D:5      | Killed Dowan
  5454 | D:5      | Noticed Pikel
  5996 | D:5      | Killed Pikel
  5996 | D:5      | Reached skill level 7 in Conjurations
  6092 | D:5      | Reached skill level 5 in Spellcasting
  6423 | D:6      | Noticed a hill giant
  6447 | D:6      | Killed a hill giant
  6447 | D:6      | Gained mutation: You are partially covered in icy blue scales (AC +1). [demonic ancestry]
  6447 | D:6      | Reached XP level 9. HP: 57/57 MP: 9/21
  6688 | D:6      | Found a staircase to the Ecumenical Temple.
  6700 | D:6      | Found Xyapoak's Weapon Shop.
  6734 | Temple   | Entered the Ecumenical Temple
  6867 | Temple   | Became a worshipper of Vehumet
  6996 | D:6      | Reached skill level 8 in Conjurations
  7654 | D:7      | Noticed Ijyb
  7660 | D:7      | Killed Ijyb
  7660 | D:7      | Acquired Vehumet's first power
  7660 | D:7      | Offered knowledge of Magic Dart by Vehumet.
  7934 | D:7      | Noticed Joseph
  8297 | D:7      | Shot with a sling bullet by Joseph

Action                   |  1- 3 |  4- 6 |  7- 9 || total
-------------------------+-------+-------+-------++-------
Melee: Unarmed           |    41 |    12 |    57 ||   110
       Whip              |       |       |    43 ||    43
 Cast: Freeze            |    54 |    48 |   156 ||   258
       Throw Frost       |       |    26 |   126 ||   152
       Throw Icicle      |       |       |    29 ||    29
Evoke: Wand              |       |     3 |     2 ||     5
  Use: Scroll            |       |    10 |     8 ||    18
       Potion            |       |     2 |     1 ||     3
 Stab: Sleeping          |       |       |     1 ||     1
